[ AOE2 MATCH · #506297802 ]
UnrankedKoreans vs Tatars
Player's team · WIN
Rival team · LOSS
[ REPLAY ANALYSIS · EXTRACTED FROM THE RECORDED GAME ]
Feudal
9:15
Castle
19:41
Imperial
—
| APM avg | 113.4 |
| APM peak | 176 |
| eAPM avg | 58.6 |
| Villagers / military | 107 / 63 |
Focus
⚔️ 80.1% · 🌾 19.9%
Fire Lancer ×20 · Cavalry Archer ×19 · Skirmisher ×11 · Spearman ×6 · Monk ×4 · Iron Pagoda ×3
Feudal
11:07
Castle
18:44
Imperial
—
| APM avg | 118.1 |
| APM peak | 234 |
| eAPM avg | 67.0 |
| Villagers / military | 137 / 33 |
Focus
⚔️ 70.2% · 🌾 29.8%
Militia ×8 · Scorpion ×8 · Knight ×7 · Scout Cavalry ×4 · Monk ×3 · Mangonel ×2
Match map
Initial resources + every placement click. Lines = walls · curves = elevation contours. ◆ gold · ⬟ stone · ● berries · ✦ relic · ◌ wall gap
Your base· ✓ Closed at 19:41 · 51t walls · 1 gate(s)
[VL] Lil Franco's base· ✓ Closed at 18:44 · 54t walls · no gate
Smoothed initial terrain · ◌ = detected wall gap · hover for details
Inputs per minute
— stockfish - - [VL] Lil Franco
Build order — stockfish
First 150 of 274 actions detected
| 0:00 | Create | Villager (Male) |
| 0:00 | Create | Villager (Male) |
| 0:01 | Build | House |
| 0:02 | Build | House |
| 0:08 | Create | Villager (Male) |
| 0:11 | Create | Villager (Male) |
| 1:32 | Create | Villager (Male) |
| 1:57 | Create | Villager (Male) |
| 1:58 | Create | Villager (Male) |
| 2:17 | Create | Villager (Male) |
| 2:43 | Create | Villager (Male) |
| 2:45 | Build | Lumber Camp |
| 3:07 | Create | Villager (Male) |
| 3:24 | Build | House |
| 3:32 | Create | Villager (Male) |
| 3:58 | Create | Villager (Male) |
| 4:25 | Create | Villager (Male) |
| 4:37 | Build | Mill |
| 4:47 | Create | Villager (Male) |
| 5:19 | Create | Villager (Male) |
| 5:48 | Create | Villager (Male) |
| 6:15 | Create | Villager (Male) |
| 6:40 | Research | Loom |
| 7:04 | Research | Feudal Age |
| 7:21 | Build | House |
| 7:27 | Build | Lumber Camp |
| 7:48 | Build | House |
| 7:52 | Build | Palisade Wall |
| 7:53 | Build | Palisade Wall |
| 7:55 | Build | Palisade Wall |
| 8:19 | Create | Villager (Male) |
| 8:24 | Build | Barracks |
| 9:00 | Create | Villager (Male) |
| 9:15 | Age | Feudal Age |
| 9:20 | Build | Archery Range |
| 9:24 | Create | Spearman |
| 9:46 | Build | House |
| 9:47 | Create | Villager (Male) |
| 10:09 | Build | Mill |
| 10:17 | Create | Skirmisher |
| 10:33 | Create | Villager (Male) |
| 10:34 | Build | Farm |
| 10:37 | Build | Farm |
| 10:40 | Create | Skirmisher |
| 10:55 | Create | Villager (Male) |
| 10:56 | Build | Farm |
| 10:57 | Create | Skirmisher |
| 11:09 | Build | Palisade Wall |
| 11:16 | Build | House |
| 11:17 | Create | Villager (Male) |
| 11:19 | Build | Farm |
| 11:23 | Build | Palisade Wall |
| 11:30 | Create | Skirmisher |
| 11:35 | Research | Double-Bit Axe |
| 11:41 | Create | Villager (Male) |
| 11:44 | Create | Skirmisher |
| 11:49 | Build | Palisade Wall |
| 11:55 | Build | Palisade Wall |
| 11:58 | Create | Villager (Male) |
| 12:00 | Build | Farm |
| 12:07 | Build | Palisade Wall |
| 12:14 | Create | Villager (Male) |
| 12:19 | Build | Farm |
| 12:30 | Create | Villager (Male) |
| 12:33 | Build | Palisade Gate |
| 12:34 | Create | Skirmisher |
| 12:41 | Create | Villager (Male) |
| 12:44 | Build | Farm |
| 12:54 | Create | Villager (Male) |
| 12:56 | Build | Farm |
| 13:02 | Create | Skirmisher |
| 13:11 | Create | Villager (Male) |
| 13:14 | Build | Farm |
| 13:17 | Build | Palisade Wall |
| 13:27 | Build | House |
| 13:28 | Build | Palisade Wall |
| 13:30 | Create | Villager (Male) |
| 13:37 | Build | Farm |
| 13:47 | Build | Palisade Wall |
| 14:01 | Build | Farm |
| 14:03 | Build | House |
| 14:05 | Build | Palisade Wall |
| 14:08 | Build | House |
| 14:10 | Build | Palisade Wall |
| 14:28 | Create | Villager (Male) |
| 14:31 | Create | Villager (Male) |
| 14:33 | Build | Mining Camp |
| 14:39 | Build | Farm |
| 14:53 | Create | Villager (Male) |
| 15:03 | Build | House |
| 15:19 | Create | Villager (Male) |
| 15:21 | Build | Farm |
| 15:46 | Build | Blacksmith |
| 16:02 | Create | Villager (Male) |
| 16:12 | Build | Palisade Wall |
| 16:25 | Create | Villager (Male) |
| 16:49 | Build | Farm |
| 17:01 | Research | Castle Age |
| 17:25 | Create | Skirmisher |
| 17:27 | Research | Horse Collar |
| 17:41 | Build | Archery Range |
| 17:46 | Build | House |
| 17:49 | Research | Fletching |
| 18:01 | Create | Skirmisher |
| 18:06 | Create | Skirmisher |
| 18:19 | Build | House |
| 18:19 | Build | House |
| 18:23 | Create | Spearman |
| 18:38 | Build | Archery Range |
| 18:54 | Create | Skirmisher |
| 18:57 | Create | Spearman |
| 19:08 | Research | Gold Mining |
| 19:24 | Create | Spearman |
| 19:40 | Create | Spearman |
| 19:41 | Age | Castle Age |
| 19:43 | Research | Bodkin Arrow |
| 19:45 | Create | Fire Lancer |
| 19:45 | Create | Fire Lancer |
| 19:51 | Create | Cavalry Archer |
| 19:51 | Create | Cavalry Archer |
| 20:00 | Create | Fire Lancer |
| 20:09 | Create | Villager (Male) |
| 20:29 | Create | Spearman |
| 20:32 | Create | Villager (Male) |
| 20:32 | Create | Villager (Male) |
| 20:33 | Create | Cavalry Archer |
| 20:43 | Create | Cavalry Archer |
| 21:00 | Research | Bow Saw |
| 21:01 | Build | House |
| 21:09 | Create | Cavalry Archer |
| 21:12 | Create | Villager (Male) |
| 21:21 | Create | Cavalry Archer |
| 21:23 | Build | House |
| 21:29 | Build | Mining Camp |
| 21:33 | Create | Fire Lancer |
| 21:54 | Create | Cavalry Archer |
| 21:55 | Create | Villager (Male) |
| 21:55 | Create | Villager (Male) |
| 21:57 | Build | House |
| 21:58 | Build | House |
| 22:00 | Create | Villager (Male) |
| 22:08 | Build | Monastery |
| 22:13 | Create | Fire Lancer |
| 22:14 | Create | Villager (Male) |
| 22:18 | Create | Villager (Male) |
| 22:21 | Build | House |
| 22:38 | Create | Villager (Male) |
| 22:40 | Build | House |
| 22:46 | Create | Villager (Male) |
| 22:49 | Create | Villager (Male) |
Build order — [VL] Lil Franco
First 150 of 324 actions detected
| 0:01 | Create | Villager (Male) |
| 0:01 | Create | Villager (Male) |
| 0:02 | Build | House |
| 0:03 | Build | House |
| 0:07 | Create | Villager (Male) |
| 0:09 | Create | Villager (Male) |
| 1:23 | Create | Villager (Male) |
| 1:48 | Create | Villager (Male) |
| 1:48 | Create | Villager (Male) |
| 2:00 | Build | Lumber Camp |
| 2:19 | Create | Villager (Male) |
| 2:19 | Create | Villager (Male) |
| 2:48 | Create | Villager (Male) |
| 3:10 | Create | Villager (Male) |
| 3:10 | Create | Villager (Male) |
| 3:32 | Create | Villager (Male) |
| 3:33 | Create | Villager (Male) |
| 3:53 | Build | House |
| 4:03 | Create | Villager (Male) |
| 4:04 | Create | Villager (Male) |
| 4:18 | Build | Palisade Wall |
| 4:20 | Build | Palisade Wall |
| 4:27 | Build | Palisade Wall |
| 4:40 | Create | Villager (Male) |
| 4:56 | Build | Barracks |
| 4:58 | Build | Palisade Wall |
| 5:10 | Create | Villager (Male) |
| 5:19 | Build | House |
| 5:22 | Build | House |
| 5:34 | Build | House |
| 5:46 | Create | Villager (Male) |
| 6:09 | Create | Militia |
| 6:09 | Create | Militia |
| 6:09 | Create | Militia |
| 6:22 | Create | Villager (Male) |
| 6:26 | Build | Mill |
| 6:34 | Create | Villager (Male) |
| 7:08 | Create | Militia |
| 7:11 | Create | Villager (Male) |
| 7:24 | Create | Villager (Male) |
| 7:25 | Build | Mill |
| 7:58 | Create | Villager (Male) |
| 7:59 | Research | Loom |
| 8:35 | Build | Mining Camp |
| 8:55 | Research | Feudal Age |
| 8:55 | Research | Feudal Age |
| 8:55 | Research | Feudal Age |
| 9:13 | Build | House |
| 9:14 | Create | Militia |
| 9:14 | Create | Militia |
| 9:39 | Create | Villager (Male) |
| 9:53 | Build | House |
| 10:04 | Create | Militia |
| 10:45 | Create | Villager (Male) |
| 11:07 | Age | Feudal Age |
| 11:11 | Research | Double-Bit Axe |
| 11:11 | Research | Double-Bit Axe |
| 11:12 | Research | Horse Collar |
| 11:12 | Research | Horse Collar |
| 11:15 | Build | House |
| 11:24 | Build | Farm |
| 11:25 | Build | Farm |
| 11:30 | Research | Man-at-Arms (upgrade) |
| 11:30 | Research | Man-at-Arms (upgrade) |
| 11:33 | Create | Villager (Male) |
| 11:40 | Build | House |
| 11:40 | Build | Palisade Wall |
| 11:41 | Build | Palisade Wall |
| 11:46 | Build | Farm |
| 11:50 | Build | Palisade Wall |
| 11:51 | Build | Palisade Wall |
| 11:54 | Create | Villager (Male) |
| 12:00 | Build | Palisade Wall |
| 12:01 | Build | Palisade Wall |
| 12:03 | Create | Villager (Male) |
| 12:08 | Build | Farm |
| 12:09 | Create | Villager (Male) |
| 12:14 | Build | Palisade Wall |
| 12:18 | Create | Militia |
| 12:31 | Build | Farm |
| 12:49 | Build | Farm |
| 12:50 | Build | Farm |
| 13:01 | Build | Farm |
| 13:12 | Create | Villager (Male) |
| 13:14 | Build | Farm |
| 13:27 | Create | Villager (Male) |
| 13:35 | Build | Farm |
| 13:43 | Build | Farm |
| 13:45 | Build | Palisade Wall |
| 14:29 | Create | Villager (Male) |
| 14:34 | Build | Stable |
| 14:41 | Build | House |
| 14:45 | Create | Villager (Male) |
| 15:12 | Create | Villager (Male) |
| 15:22 | Build | Blacksmith |
| 16:04 | Research | Castle Age |
| 16:53 | Create | Villager (Male) |
| 16:54 | Create | Scout Cavalry |
| 17:00 | Research | Bloodlines |
| 17:00 | Research | Bloodlines |
| 17:03 | Research | Gold Mining |
| 17:03 | Research | Gold Mining |
| 17:07 | Build | House |
| 17:08 | Build | House |
| 17:09 | Build | House |
| 17:25 | Create | Scout Cavalry |
| 17:44 | Create | Villager (Male) |
| 17:47 | Research | Scale Barding Armor |
| 17:48 | Create | Scout Cavalry |
| 18:03 | Create | Scout Cavalry |
| 18:27 | Build | Palisade Wall |
| 18:44 | Age | Castle Age |
| 18:54 | Build | Town Center |
| 18:55 | Create | Knight |
| 19:00 | Build | Siege Workshop |
| 19:02 | Research | Bow Saw |
| 19:06 | Create | Villager (Male) |
| 19:16 | Create | Knight |
| 19:26 | Build | Palisade Wall |
| 19:27 | Build | Palisade Wall |
| 19:28 | Build | Palisade Wall |
| 19:37 | Research | Wheelbarrow |
| 19:38 | Research | Wheelbarrow |
| 19:38 | Research | Wheelbarrow |
| 19:40 | Create | Villager (Male) |
| 19:48 | Create | Knight |
| 19:49 | Build | House |
| 19:58 | Create | Knight |
| 20:04 | Build | House |
| 20:19 | Create | Knight |
| 20:43 | Create | Knight |
| 20:57 | Create | Knight |
| 21:08 | Build | Siege Workshop |
| 21:14 | Research | Husbandry |
| 21:14 | Research | Husbandry |
| 21:14 | Research | Husbandry |
| 21:28 | Build | Town Center |
| 21:30 | Create | Villager (Male) |
| 21:36 | Build | Farm |
| 21:36 | Build | Farm |
| 21:36 | Build | Farm |
| 21:36 | Build | Farm |
| 21:36 | Build | Farm |
| 21:36 | Build | Farm |
| 21:37 | Build | Farm |
| 21:40 | Create | Scorpion |
| 21:40 | Create | Scorpion |
| 21:40 | Create | Scorpion |
| 21:43 | Create | Villager (Male) |
| 21:43 | Create | Villager (Male) |
Match timeline
| 4:18 | [VL] Lil Franco · wall_segment Palisade Wall x1 |
| 4:20 | [VL] Lil Franco · wall_segment Palisade Wall x1 |
| 4:27 | [VL] Lil Franco · wall_segment Palisade Wall x1 |
| 4:56 | [VL] Lil Franco · first_building Barracks |
| 4:58 | [VL] Lil Franco · wall_segment Palisade Wall x1 |
| 7:52 | stockfish · wall_segment Palisade Wall x1 |
| 7:53 | stockfish · wall_segment Palisade Wall x1 |
| 7:55 | stockfish · wall_segment Palisade Wall x1 |
| 8:24 | stockfish · first_building Barracks |
| 9:15 | stockfish · age_up feudal |
| 9:20 | stockfish · first_building Archery Range |
| 11:07 | [VL] Lil Franco · age_up feudal |
| 11:09 | stockfish · wall_segment Palisade Wall x1 |
| 11:23 | stockfish · wall_segment Palisade Wall x5 |
| 11:40 | [VL] Lil Franco · wall_segment Palisade Wall x1 |
| 11:41 | [VL] Lil Franco · wall_segment Palisade Wall x13 |
| 11:49 | stockfish · wall_segment Palisade Wall x8 |
| 11:50 | [VL] Lil Franco · wall_segment Palisade Wall x6 |
| 11:51 | [VL] Lil Franco · wall_segment Palisade Wall x1 |
| 11:55 | stockfish · wall_segment Palisade Wall x3 |
| 12:00 | [VL] Lil Franco · wall_segment Palisade Wall x5 |
| 12:01 | [VL] Lil Franco · wall_segment Palisade Wall x10 |
| 12:07 | stockfish · wall_segment Palisade Wall x19 |
| 12:14 | [VL] Lil Franco · wall_segment Palisade Wall x9 |
| 13:17 | stockfish · wall_segment Palisade Wall x1 |
| 13:28 | stockfish · wall_segment Palisade Wall x1 |
| 13:45 | [VL] Lil Franco · wall_segment Palisade Wall x6 |
| 13:47 | stockfish · wall_segment Palisade Wall x9 |
| 14:05 | stockfish · wall_segment Palisade Wall x1 |
| 14:10 | stockfish · wall_segment Palisade Wall x1 |
| 14:34 | [VL] Lil Franco · first_building Stable |
| 16:12 | stockfish · wall_segment Palisade Wall x1 |
| 18:27 | [VL] Lil Franco · wall_segment Palisade Wall x1 |
| 18:44 | [VL] Lil Franco · age_up castle |
| 19:00 | [VL] Lil Franco · first_building Siege Workshop |
| 19:26 | [VL] Lil Franco · wall_segment Palisade Wall x1 |
| 19:27 | [VL] Lil Franco · wall_segment Palisade Wall x1 |
| 19:28 | [VL] Lil Franco · wall_segment Palisade Wall x1 |
| 19:41 | stockfish · age_up castle |
| 22:08 | stockfish · first_building Monastery |
| 24:15 | [VL] Lil Franco · first_building Monastery |
| 24:47 | [VL] Lil Franco · wall_segment Palisade Wall x1 |
| 25:54 | stockfish · first_building Stable |
| 27:45 | stockfish · first_building Siege Workshop |
| 29:09 | [VL] Lil Franco · first_building Archery Range |
| 31:05 | [VL] Lil Franco · first_building Castle |
| 32:45 | [VL] Lil Franco · resign |
[ AI ANALYSIS · 1 CREDIT ]
What really happened in this match?
Wolo.gg analyzes every decision: build order, eco, micro, common mistakes by bracket. Personalized analysis on WhatsApp or Discord in 30 seconds.
Civ guide
Koreans
Perfil
Jugador #24613498